 Dungeon Crawl Stone Soup version 0.30-a0-1074-g5db6f66fbb (webtiles) character file.

Game seed: 9811197541387265462

26944 KristoblXynda the Carver (level 13, 0/113 HPs)
             Began as a Red Draconian Gladiator on Apr 14, 2023.
             Was a Priest of Vehumet.
             Slain by a vault guard
             ... wielding a +2 great sword of freezing
              (23 damage)
             ... on level 13 of the Dungeon.
             The game lasted 00:21:40 (16486 turns).

KristoblXynda the Carver (Red Draconian Gladiator) Turns: 16486, Time: 00:21:42

Health: 0/113      AC: 18    Str: 19    XL:     13   Next: 1%
Magic:  18/18      EV: 16    Int: 12    God:    Vehumet [***...]
Gold:   140        SH:  0    Dex: 12    Spells: 13/19 levels left

rFire   + . .      SeeInvis .    F - +6 scimitar (heavy)
rCold   . . .      Faith    .    (no shield)
rNeg    . . .      Spirit   .    (body armour unavailable)
rPois   .          Reflect  .    b - +1 hat
rElec   .          Rampage  .    f - +2 cloak
rCorr   .                        (no gloves)
Will    +....                    h - +1 pair of boots
Stlth   +                        (no amulet)
HPRegen 0.38/turn                s - ring of willpower
MPRegen 0.16/turn                t - +4 ring of protection

@: no status effects
A: breathe fire, AC +8, unfitting armour, fire resistance 1, cold-blooded
a: Breathe Fire, Renounce Religion


You were on level 13 of the Dungeon.
You worshipped Vehumet.
Vehumet was most pleased with you.
You visited 2 branches of the dungeon, and saw 14 of its levels.
You visited the Abyss 1 time.
You also visited: Bailey.

You collected 1099 gold pieces.
You spent 959 gold pieces at shops.

Inventory:

Hand Weapons
 F - a +6 heavy scimitar (weapon)
 H - a +5 scimitar of holy wrath
Missiles
 c - a throwing net (quivered)
 d - 6 javelins
Armour
 b - a +1 hat (worn)
 f - a +2 cloak (worn)
 h - a +1 pair of boots (worn)
 x - a scarf of invisibility
Jewellery
 e - an amulet of guardian spirit
 g - a ring of protection from fire
 s - a ring of willpower (left hand)
 t - a +4 ring of protection (right hand)
 E - a ring of magical power
 I - a ring of protection from cold
Wands
 v - a wand of quicksilver (13)
 y - a wand of paralysis (3)
Scrolls
 j - 3 scrolls of fog
 m - 2 scrolls of fear
 n - 6 scrolls of teleportation
 p - 4 scrolls of blinking
 q - 5 scrolls of enchant armour
 L - a scroll of immolation
Potions
 a - a potion of ambrosia {unknown}
 k - 2 potions of cancellation
 l - 3 potions of magic
 o - 6 potions of might
 r - 6 potions of flight
 u - 3 potions of lignification {unknown}
 w - a potion of attraction {unknown}
 z - a potion of invisibility {unknown}
 A - 3 potions of heal wounds
 B - 2 potions of curing
 C - 2 potions of haste
 D - 3 potions of mutation
 G - a potion of resistance {unknown}
 J - a potion of brilliance {unknown}


   Skills:
 - Level 10.0 Fighting
 + Level 13.4 Long Blades
 - Level 2.0 Throwing
 + Level 10.8 Dodging
 + Level 3.8 Spellcasting
 + Level 5.7 Conjurations
 - Level 5.3 Fire Magic
 - Level 5.2 Air Magic
 - Level 5.0 Evocations


You had 13 spell levels left.
You knew the following spells:

 Your Spells              Type           Power      Damage    Failure   Level
a - Fireball              Conj/Fire      7%         3d5       17%         5
b - Shock                 Conj/Air       60%        1d6       1%          1

Your spell library contained the following spells:

 Spells                   Type           Power      Damage    Failure   Level
 Ignite Poison            Fire/Tmut/Pois 6%         N/A       9%          3
 Magic Dart               Conj           64%        1d6       1%          1
 Scorch                   Fire           30%        2d6       1%          2
 Searing Ray              Conj           32%        2d5       1%          2
 Momentum Strike          Conj/Tloc      18%        3d8       3%          2
 Poisonous Vapours        Pois/Air       16%        N/A       3%          2
 Dazzling Flash           Conj/Hex       18%        N/A       5%          3
 Hailstorm                Conj/Ice       9%         3d4       5%          3
 Inner Flame              Hex/Fire       8%         N/A       6%          3
 Volatile Blastmotes      Fire/Tloc      16%        2d11      6%          3
 Flame Wave               Conj/Fire      15%        2d7       6%          4
 Iskenderun's Battlesphe  Conj           16%        2d7       16%         5
 Fulminant Prism          Conj/Hex       4%         3d5       17%         4
 Iskenderun's Mystic Bla  Conj/Tloc      9%         2d4       17%         4
 Sting                    Tmut/Pois      8%         1d3       22%         1
 Blink                    Tloc           4%         N/A       34%         2
 Lesser Beckoning         Tloc           4%         N/A       34%         2
 Olgreb's Toxic Radiance  Pois           2%         N/A       47%         4
 Gell's Gravitas          Tloc           2%         N/A       56%         3
 Portal Projectile        Hex/Tloc       4%         N/A       56%         3
 Teleport Other           Tloc           2%         N/A       56%         3
 Tukima's Dance           Hex            2%         N/A       56%         3
 Conjure Ball Lightning   Conj/Air       7%         3x3d6     63%         6
 Starburst                Conj/Fire      7%         6d4       63%         6
 Yara's Violent Unravell  Hex/Tmut       1%         3d3       80%         5
 Ice Form                 Ice/Tmut       2%         N/A       92%         4
 Orb of Destruction       Conj           8%         9d6       98%         7
 Blade Hands              Tmut           1%         N/A       99%         5
 Simulacrum               Ice/Necr       1%         N/A       100%        6
 Summon Cactus Giant      Summ           1%         N/A       100%        6
 Enfeeble                 Hex            1%         N/A       100%        7


Dungeon Overview and Level Annotations

Branches:
Dungeon (13/15)            Temple (1/1) D:7            Lair (0/5) D:9
    Orc (0/2) D:12         Bailey (visited)
 Vaults: D:13-14

Altars:
Ashenzari
Cheibriados
Dithmenos
Elyvilon
Fedhas
Gozag
Hepliaklqana
Kikubaaqudgha
Makhleb
Nemelex Xobeh
Okawaru
Qazlal
Ru
Sif Muna
Trog
Uskayaw
Vehumet
Wu Jian
Xom
Yredelemnul
Zin
The Shining One

Shops:
D:5 *   D:6 [   D:9 *   D:10 (   D:11 *   D:12 =:*


Innate Abilities, Weirdness & Mutations

You can breathe blasts of fire.
Your fiery red scales are hard. (AC +8)
You cannot fit into any form of body armour.
Your flesh is heat resistant. (rF+)
You are cold-blooded and may be slowed by cold attacks.


Message History

The human hits you but does no damage.
The vault guard struggles against the net.
The human hits you but does no damage.
You catch the helpless vault guard completely off-guard!
You slice the vault guard!!
The vault guard is moderately wounded.
The vault guard struggles against the net.
The human hits you but does no damage.
You strike the helpless vault guard from behind!
You slash the vault guard!
The vault guard is heavily wounded.
You feel yourself speed up.
The vault guard struggles against the net.
The human hits you but does no damage.
The vault guard struggles against the net.
The net rips apart, and the vault guard comes free!
The human closely misses you.
You slice the vault guard!!
The vault guard is almost dead.
The vault guard hits you with a +2 great sword of freezing!
* * * LOW HITPOINT WARNING * * *
You feel yourself slow down. The vault guard freezes you.
* * * LOW HITPOINT WARNING * * *
The human closely misses you.
Throw: 2 throwing nets
Press: ? - help, Q - select action, (/) - cycle Shift-Dir - straight line, f/p - vault guard
Aim: a vault guard, wielding a +2 great sword of freezing and wearing a +0 plate armour (almost dead, 64% to hit)
You throw a throwing net.
The throwing net closely misses the vault guard.
The throwing net hits the centaur.
The centaur is caught in the net!
The centaur struggles against the net.
The vault guard hits you but does no damage.
The human closely misses you.
You slash the vault guard!
The vault guard is almost dead.
You feel yourself speed up.
The centaur struggles against the net. x2
The human hits you but does no damage.
The vault guard hits you with a +2 great sword of freezing!!
You die...

#...............#..
#.#############.#.. #.#
#.)...#... #.# #.....'..# #.#
#..⌠..'..# #.# #.....)?)# #.#
#c)## #.# #p#.# #.#
#@p#.########## ## #.#
#..#..........# .. #.#
#..#..........# .. #.#
#..#..........# .. #.#
#..##'##.#########
#.#############.................
#....................#.......##.
####..#...##..##.....#.......##.
#............................


You could see a vault guard, a human and a centaur (caught).

Vanquished Creatures
  A vault guard (D:13)
  A hydra (D:13)
  2 boulder beetles
  2 centaur warriors (D:13)
  A two-headed ogre (D:10)
  The ghost of KristoblXynda the Covert, a journeyman SpBe of Trog (D:12)
  4 skeletal warriors
  An orc knight (Bailey)
  A necromancer (D:13)
  A wizard (D:13)
  Pikel (D:7)
  A manticore (D:12)
  A deep elf pyromancer (D:12)
  3 ugly things
  A gargoyle (D:12)
  A cane toad (shapeshifter) (D:13)
  A komodo dragon (D:9)
  The ghost of Ijustatesigmund the Conjurer, a novice DECj (D:5)
  5 trolls
  A hornet (D:7)
  Prince Ribbit (D:5)
  9 yaks
  2 wraiths (D:11)
  2 shadows
  3 wyverns
  A basilisk (D:13)
  13 humans (D:13)
  10 vampire mosquitoes
  2 acid dragons
  An ice beast (D:6)
  A water moccasin (D:5)
  2 black bears
  A sky beast (D:7)
  2 ogres
  14 orc warriors
  7 centaurs
  A phantom (D:5)
  2 kobold brigands
  A bullfrog (D:7)
  2 gnoll sergeants
  5 scorpions
  4 wights
  6 howler monkeys
  An electric eel (D:7)
  5 hounds
  2 orc priests
  Crazy Yiuf (D:2)
  3 gnoll boudas
  A jelly (D:5)
  Jessica (D:2)
  Ijyb (D:5)
  3 iguanas
  7 orc wizards
  4 sleepcaps
  A killer bee zombie (D:6)
  A howler monkey zombie (D:6)
  11 adders
  22 gnolls
  A white imp (D:7)
  An ufetubus (D:5)
  2 worms
  55 orcs
  15 ball pythons
  3 bats
  3 endoplasms
  5 giant cockroaches
  9 goblins
  6 hobgoblins
  10 jackals
  17 kobolds
  5 quokkas
  6 frilled lizards
  6 rats
331 creatures vanquished.

Vanquished Creatures (others)
  2 wizards (D:13)
  8 fungi
  19 plants (D:9)
  5 toadstools (D:6)
34 creatures vanquished.

Grand Total: 365 creatures vanquished

Notes
Turn   | Place    | Note
-------+----------+-------------------------------------------
     0 | D:1      | KristoblXynda the Draconian Gladiator began the quest for
                  | the Orb.
     0 | D:1      | Reached XP level 1. HP: 17/17 MP: 1/1
   178 | D:1      | Reached XP level 2. HP: 22/25 MP: 2/2
   249 | D:1      | Found a faded altar of an unknown god.
   961 | D:2      | Reached XP level 3. HP: 21/30 MP: 3/3
  1524 | D:2      | Reached XP level 4. HP: 38/38 MP: 4/4
  1559 | D:2      | Noticed Jessica
  1570 | D:2      | Killed Jessica
  1571 | D:2      | Reached skill level 4 in Long Blades
  2122 | D:2      | Found a runed translucent door.
  2123 | D:2      | Noticed Crazy Yiuf
  2131 | D:2      | Killed Crazy Yiuf
  2132 | D:2      | Reached XP level 5. HP: 45/45 MP: 5/5
  2734 | D:3      | Found an ancient bone altar of Kikubaaqudgha.
  2741 | D:3      | Found a hide-covered altar of Uskayaw.
  2743 | D:3      | Found a glowing silver altar of Zin.
  3247 | D:4      | Reached skill level 5 in Long Blades
  3290 | D:4      | Reached XP level 6. HP: 52/52 MP: 6/6
  3315 | D:4      | Found a broken altar of Ashenzari.
  3595 | D:5      | Entered Level 5 of the Dungeon
  3935 | D:5      | Reached skill level 6 in Long Blades
  3935 | D:5      | Your scales start taking on a fiery red colour.
  3935 | D:5      | Reached XP level 7. HP: 22/60 MP: 7/7
  3935 | D:5      | Gained mutation: Your flesh is heat resistant. (rF+) [Red
                  | Draconian growth]
  4553 | D:5      | Found Reegoch's Serpentskin Sales.
  4556 | D:5      | Reached skill level 5 in Fighting
  4753 | D:5      | Noticed Ijyb
  4761 | D:5      | Killed Ijyb
  4805 | D:5      | Noticed Prince Ribbit
  4815 | D:5      | Killed Prince Ribbit
  4816 | D:5      | Reached skill level 7 in Long Blades
  4816 | D:5      | Reached skill level 5 in Dodging
  4816 | D:5      | Reached XP level 8. HP: 56/69 MP: 8/8
  4927 | D:5      | Found a large runed translucent door.
  4927 | D:5      | Found a large runed translucent door.
  4930 | D:5      | Noticed Ijustatesigmund's ghost (novice DECj)
  4948 | D:5      | Killed Ijustatesigmund's ghost
  5057 | D:6      | Found Feuf's Armour Boutique.
  5137 | D:6      | Bought a scarf of invisibility for 132 gold pieces
  5184 | D:6      | Reached skill level 8 in Long Blades
  5309 | D:6      | Learned a level 5 spell: Fireball
  5908 | D:6      | Found a basalt altar of Yredelemnul.
  5985 | D:6      | Reached XP level 9. HP: 26/78 MP: 9/9
  6312 | D:6      | Reached skill level 9 in Long Blades
  6544 | D:6      | Found a hazy altar of Hepliaklqana.
  6561 | D:6      | Found a sparkling altar of Nemelex Xobeh.
  6714 | D:6      | Found a shimmering altar of Xom.
  6892 | D:7      | Paralysed by a hornet for 3 turns
  7069 | D:7      | Found a flagged portal.
  7143 | Bailey   | Entered a bailey
  7411 | Bailey   | Reached skill level 10 in Long Blades
  7554 | Bailey   | Reached skill level 11 in Long Blades
  7554 | Bailey   | Reached skill level 5 in Evocations
  7554 | Bailey   | Reached XP level 10. HP: 91/91 MP: 10/10
  7668 | Bailey   | Reached skill level 1 in Fire Magic
  7852 | Bailey   | Noticed an orc knight
  7863 | Bailey   | Killed an orc knight
  8318 | D:7      | Found a staircase to the Ecumenical Temple.
  8350 | Temple   | Entered the Ecumenical Temple
  8489 | Temple   | Became a worshipper of Vehumet
  9299 | D:7      | Noticed Pikel
  9306 | D:7      | Killed Pikel
  9307 | D:7      | Reached skill level 10 in Fighting
  9307 | D:7      | Reached XP level 11. HP: 90/99 MP: 11/11
  9765 | D:8      | Reached * piety under Vehumet
  9765 | D:8      | Offered knowledge of Shock by Vehumet.
  9770 | D:8      | Learned a level 1 spell: Shock
 10257 | D:9      | Reached skill level 1 in Air Magic
 10979 | D:9      | Found Coske's Assorted Antiques.
 10991 | D:9      | Bought a scroll labelled KUNAF XECK for 31 gold pieces
 10991 | D:9      | Bought 2 potions of heal wounds for 310 gold pieces
 10991 | D:9      | Bought a bubbling pink potion for 27 gold pieces
 11088 | D:9      | Found a staircase to the Lair.
 11248 | D:10     | Entered Level 10 of the Dungeon
 11376 | D:10     | Found Picep's Weapon Shop.
 11543 | D:10     | Offered knowledge of Static Discharge by Vehumet.
 11601 | D:10     | Noticed a two-headed ogre
 11609 | D:10     | Killed a two-headed ogre
 11609 | D:10     | Reached ** piety under Vehumet
 11610 | D:10     | Reached skill level 12 in Long Blades
 11923 | D:10     | Reached skill level 5 in Fire Magic
 12957 | D:11     | Found Arhovafi's General Store.
 12964 | D:11     | Bought a +3 scimitar of holy wrath for 363 gold pieces
 12995 | D:11     | Noticed a boulder beetle
 13005 | D:11     | Killed a boulder beetle
 13006 | D:11     | Reached skill level 1 in Conjurations
 13335 | D:11     | Noticed a red ugly thing
 13343 | D:11     | Killed a red ugly thing
 13632 | D:12     | Noticed a skeletal warrior
 13633 | D:12     | Noticed a skeletal warrior
 13663 | D:11     | Killed a skeletal warrior
 13916 | D:12     | Noticed a skeletal warrior
 13923 | D:11     | Killed a skeletal warrior
 13924 | D:11     | Reached XP level 12. HP: 88/106 MP: 12/12
 13978 | D:12     | Offered knowledge of Ignite Poison by Vehumet.
 14323 | D:12     | Found Vuoz's Jewellery Shoppe.
 14378 | D:12     | Reached skill level 5 in Air Magic
 14439 | D:12     | Reached skill level 10 in Dodging
 15016 | D:12     | Found Neah's Book Shoppe.
 15047 | D:12     | Found a large runed translucent door.
 15047 | D:12     | Found a large runed translucent door.
 15053 | D:12     | Noticed KristoblXynda's ghost (journeyman SpBe)
 15114 | D:12     | Found Doxyu's Assorted Antiques.
 15117 | D:12     | Bought a scroll of immolation for 96 gold pieces
 15200 | D:12     | Found a staircase to the Orcish Mines.
 15324 | D:12     | Killed KristoblXynda's ghost
 15325 | D:12     | Reached skill level 1 in Spellcasting
 15470 | D:13     | Noticed a boulder beetle
 15491 | D:13     | Killed a boulder beetle
 15815 | D:13     | Noticed a centaur warrior
 15822 | D:13     | Killed a centaur warrior
 15823 | D:13     | Reached skill level 13 in Long Blades
 15844 | D:13     | Noticed an eight-headed hydra
 15853 | D:13     | Killed a nine-headed hydra
 15853 | D:13     | Reached *** piety under Vehumet
 16265 | D:13     | Found an iron altar of Okawaru.
 16366 | D:13     | Noticed a centaur warrior
 16372 | D:13     | Reached skill level 5 in Conjurations
 16378 | D:13     | Killed a centaur warrior
 16392 | Abyss:2  | Cast into level 2 of the Abyss (a wizard)
 16402 | D:13     | Escaped the Abyss
 16416 | D:13     | Noticed a vault guard
 16426 | D:13     | Killed a vault guard
 16469 | D:13     | Reached XP level 13. HP: 33/113 MP: 18/18
 16486 | D:13     | Slain by a vault guard

Illustrated notes

Levels and vault maps discovered:
D:1:      psy_arrival_radial02, layout_loops_cross,
          hellmonk_ecumenical_altar_inner_sanctum
D:2:      minmay_general_purpose_star, layout_basic, kennysheep_generic_room_10,
          uniq_crazy_yiuf_cottage, uniq_jessica
D:3:      layout_rooms, minitemple, minmay_mini_jars
D:4:      layout_basic, mainiacjoe_overflow_alcove_2
D:5:      layout_basic, ebering_ghost_disaster_area, guppyfry_shop_venom,
          uniq_ijyb, uniq_prince_ribbit1
D:6:      layout_loops_ring, lemuel_zombie_altar_yredelemnul, tgw_xom,
          mainiacjoe_overflow_big_doors, serial_shops, shop,
          minmay_gold_behind_fungi
D:7:      layout_rooms, temple_pool_b, enter_bailey_6, minivault_4,
          hangedman_glass_teeth, chequers_serial_rivers_small_a, sigmund_army,
          uniq_pikel
D:8:      layout_loops_ring
D:9:      layout_rooms, david_lair_shrubbed, serial_shops, shop
D:10:     layout_cave_pods, serial_shops, kennysheep_little_box
D:11:     layout_basic, serial_shops, nicolae_shop_advertising_works
          [nicolae_subvault_shop_adworks], dreamdust_princess_bridge
D:12:     nicolae_cairo_tiling_very_big, layout_gridville, orc_0_dummy,
          serial_shops, nicolae_lakefront_shop, shop, kennysheep_mini_moat,
          ebering_ghost_disaster_area
D:13:     layout_stronghold, grunt_vaults_entry_tiered, okawaru_trees_2
Temple:   compressed_dpeg_circular_temple

Skill      XL: |  1  2  3  4  5  6  7  8  9 10 11 12 |
---------------+-------------------------------------+-----
Throwing       | 2 |  2.0
Dodging        | 3 4 5 6 8 9 10 | 10.8
Fighting       | 3 4 5 6 9 10 | 10.0
Long Blades    | 4 5 6 7 8 11 12 13 | 13.4
Evocations     | 5 |  5.0
Fire Magic     | 2 5 |  5.3
Air Magic      | 4 5 |  5.2
Conjurations   | 2 5 |  5.7
Spellcasting   | 3 |  3.8

Action                     |  1- 3 |  4- 6 |  7- 9 | 10-12 | 13-15 || total
---------------------------+-------+-------+-------+-------+-------++-------
  Melee: Long sword        |   124 |   251 |   389 |   327 |       ||  1091
         Tailslap          |    13 |    30 |    59 |   119 |     1 ||   222
         Punch             |     1 |     1 |     6 |    14 |       ||    22
         Scimitar          |       |       |       |   369 |    13 ||   382
  Throw: Throwing net      |       |       |       |       |     2 ||     2
Ability: Breathe Fire      |       |       |     8 |    23 |       ||    31
  Evoke: Wand              |       |       |       |     6 |     2 ||     8
    Use: Scroll            |       |     7 |     4 |    22 |       ||    33
         Potion            |       |     3 |     2 |     2 |     1 ||     8
   Stab: Sleeping          |     2 |     5 |     1 |     1 |       ||     9
         Paralysed         |       |       |       |    17 |       ||    17
         Held in net/web   |       |       |       |       |     2 ||     2
 Armour: Skin              |    56 |   109 |   160 |   385 |    12 ||   722
  Dodge: Dodged            |   110 |   213 |   314 |   654 |    15 ||  1306

Table legend: (Time is in decaauts)
 A = Elapsed time spent in this place.
 B = Non-inter-level travel time spent in this place.
 C = Inter-level travel time spent in this place.
 D = Time resting spent in this place.
 E = Time spent auto-exploring this place.
 F = Levels seen in this place.
 G = Mean time per level.
                   A        B        C        D        E       F      G
               +--------+--------+--------+--------+--------+-----+--------+
         Total |  16482 |  16109 |    373 |   4464 |   8725 |  16 | 1030.1 |
       Dungeon |  15322 |  14977 |    345 |   3817 |   8617 |  13 | 1178.6 |
        Temple |    169 |    141 |     28 |      0 |     74 |   1 |  169.0 |
         Abyss |      9 |      9 |      0 |      0 |      0 |   1 |    9.0 |
        Bailey |    981 |    981 |      0 |    647 |     34 |   1 |  981.0 |
               +--------+--------+--------+--------+--------+-----+--------+

Top non-repeatable levels by time:
     D:6: 1776 daAuts
     D:5: 1470 daAuts
    D:10: 1402 daAuts
     D:7: 1374 daAuts
    D:12: 1352 daAuts
    D:11: 1340 daAuts
     D:2: 1316 daAuts
    D:13: 1098 daAuts
     D:8: 1012 daAuts
  Bailey: 981 daAuts
     D:1: 973 daAuts
     D:9: 815 daAuts
     D:4: 768 daAuts
     D:3: 620 daAuts
  Temple: 169 daAuts
